 Dungeon Crawl Stone Soup version 0.32-a0-841-g4648e6c457 (webtiles) character file.

Game seed: 15785154294935148789

3303 Fodor the Cleaver (level 9, -2/79 HPs)
             Began as a Minotaur Fighter on Mar 26, 2024.
             Killed by divine providence
             ... invoked by an orc priest
              (17 damage)
             ... on level 8 of the Dungeon.
             The game lasted 00:15:52 (6438 turns).

Fodor the Cleaver (Minotaur Fighter)                Turns: 6438, Time: 00:15:52

Health: -2/79      AC: 13    Str: 25    XL:     9   Next: 70%
Magic:  8/8        EV:  7    Int:  5    God:
Gold:   630        SH:  5    Dex: 10    Spells: 8/8 levels left

rFire   . . .        m - +2 war axe (heavy)
rCold   . . .        c - +0 buckler
rNeg    . . .        o - +0 plate armour
rPois   .            (helmet restricted)
rElec   .            (no cloak)
rCorr   .            (no gloves)
SInv    .            (no boots)
Will    .....        (no amulet) Stlth
                     (no ring)
HPRegen 0.33/turn    (no ring)
MPRegen 0.11/turn

%: no passive effects
@: no status effects
A: horns 2, retaliatory headbutt
a: Convert to Beogh


You were on level 8 of the Dungeon.
You visited 2 branches of the dungeon, and saw 9 of its levels.
You also visited: Ossuary.

You collected 630 gold pieces.

Inventory:

Hand Weapons
 m - a +2 heavy war axe (weapon)
 r - a +0 shortbow
 C - a +2 heavy glaive
Missiles
 q - 2 boomerangs (quivered)
Armour
 c - a +0 buckler (worn)
 o - a +0 plate armour (worn)
 p - a +0 chain mail
Talismans
 y - a blade talisman
 D - a flux talisman
Wands
 n - a wand of roots (5)
 B - a wand of paralysis (8)
Scrolls
 b - a scroll of noise
 f - 2 scrolls of blinking
 g - 5 scrolls of fear
 i - 2 scrolls of amnesia {unknown}
 j - a scroll of brand weapon
 l - 2 scrolls of immolation
 v - 2 scrolls of revelation
 w - 3 scrolls of teleportation
 x - a scroll of enchant armour {unknown}
 E - a scroll of summoning {unknown}
Potions
 a - a potion of cancellation
 d - a potion of might
 e - a potion of brilliance
 h - 3 potions of curing {unknown}
 k - a potion of haste {unknown}
 s - a potion of lignification {unknown}
 t - 4 potions of attraction {unknown}
 u - 2 potions of resistance {unknown}
 z - 2 potions of heal wounds {unknown}
 A - 2 potions of enlightenment {unknown}


   Skills:
 + Level 7.2 Fighting
 + Level 10.3(10.5) Axes
 + Level 2.8(7.2) Polearms
 + Level 8.6 Armour
 + Level 4.0 Dodging
 + Level 1.4 Stealth
 + Level 6.9 Shields


You had 8 spell levels left.
You didn't know any spells.
Your spell library contained the following spells:

 Spells                   Type           Power      Damage    Failure   Level
 Freeze                   Ice            0%         1d3       100%        1
 Frozen Ramparts          Ice            0%         1d1       100%        3
 Hailstorm                Conj/Ice       0%         3d5       100%        3
 Summon Ice Beast         Ice/Summ       0%         N/A       100%        3
 Permafrost Eruption      Ice/Erth       0%         2x4d2     100%        6
 Sculpt Simulacrum        Ice/Alch       0%         N/A       100%        6


Dungeon Overview and Level Annotations

Branches:
Dungeon (8/15)             Temple (1/1) D:4         Ossuary (visited)
   Lair: D:8-11

Altars:
Ashenzari
Cheibriados
Elyvilon
Fedhas
Makhleb
Nemelex Xobeh
Qazlal
Ru
Sif Muna
Trog
Uskayaw
Wu Jian
Xom
Zin

Annotations:
Temple 4 transporters


Innate Abilities, Weirdness & Mutations

You have a pair of horns on your head.
You reflexively headbutt those who attack you in melee.


Message History

You finish removing your +0 chain mail.
You start putting on your armour.
You continue putting on your +0 plate armour. x5
You finish putting on your +0 plate armour.
A steam dragon is nearby!
The steam dragon hisses angrily.
The steam dragon breathes steam at you. The ball of steam hits you!
You hear a shout! x3
You hit the steam dragon.
The steam dragon is lightly wounded.
You are engulfed in a cloud of scalding steam.
The steam dragon bites you but does no damage.
The steam dragon claws you but does no damage.
The steam dragon bites you.
The steam dragon claws you but does no damage.
You slice the steam dragon!!
You kill the steam dragon!
You are engulfed in a cloud of scalding steam.
Your Dodging skill increases to level 4!
An orc priest comes into view. It is wielding a +0 dagger.
The orc priest shouts!
You start putting on your armour.
You continue putting on your +0 buckler.
The orc priest invokes the aid of Beogh against you.
Beogh smites you!
You continue putting on your +0 buckler.
The orc priest begins to cast a cantrip, but forgets the words!
You continue putting on your +0 buckler.
The orc shouts!
The orc priest mumbles some strange prayers to Beogh against you.
Beogh smites you!
* * * LOW HITPOINT WARNING * * *
You hear a shout! x2
You continue putting on your +0 buckler.
You finish putting on your +0 buckler.
The orc priest looks encouraged for a moment.
The orc priest invokes the aid of Beogh against you.
Beogh smites you!
You die...

#.......... #.. ......>... ...
.....?.... .... ... #........#
o.... #.# ####........# ..o..
#.####............ ......
#.#....#.....?.... !.#...
#.#.####$.........
#....[########@..####.[........
#.......oo.....#...............
.#............##..............#
##.....#####.##^............##
.....#...## #.##..........####
..........# #..#..........#
.#....##..# #.............#
#.... #...##.##.#####.# #..#.#
##.....##.#### .#


You could see an orc priest and an orc wizard.

Vanquished Creatures
  The ghost of porpoise the Poker, a novice DsGl of Yredelemnul (D:6)
  A troll (D:6)
  Prince Ribbit (D:5)
  A wyvern (D:6)
  2 steam dragons
  A black bear (D:7)
  An orc warrior (D:7)
  An ogre (D:6)
  An ice beast (D:6)
  2 centaurs
  2 phantoms
  A kobold brigand (D:6)
  3 bullfrogs
  An elf zombie (Ossuary)
  2 scorpions
  2 howler monkeys (D:7)
  The ghost of sychorax the Digger, a weakling OpEE (D:3)
  3 jellies
  A hound (D:6)
  A quasit (D:4)
  A gnoll bouda (D:7)
  3 orc priests (D:7)
  3 iguanas
  Ijyb (D:4)
  Natasha (twice) (D:3)
  4 orc wizards
  2 hound zombies (Ossuary)
  4 mummies (Ossuary)
  5 adders
  3 gnolls (D:7)
  4 shadow imps
  4 white imps
  5 ufetubi
  A dart slug (D:2)
  8 ribbon worms
  8 orcs
  4 ball pythons
  6 bats
  4 endoplasms
  5 giant cockroaches
  3 gnoll zombies (Ossuary)
  9 goblins
  6 hobgoblins
  2 jackals (D:2)
  3 quokkas
  4 frilled lizards
  2 goblin zombies (Ossuary)
  2 hobgoblin zombies (Ossuary)
  A jackal zombie (Ossuary)
  6 kobolds
  A kobold zombie (Ossuary)
  9 rats
154 creatures vanquished.

Notes
Turn   | Place    | Note
-------+----------+-------------------------------------------
     0 | D:1      | Fodor the Minotaur Fighter began the quest for the Orb.
     0 | D:1      | Reached XP level 1. HP: 19/19 MP: 0/0
   124 | D:1      | Reached XP level 2. HP: 27/27 MP: 1/1
   486 | D:1      | Reached skill level 3 in Axes
   703 | D:2      | Found a broken altar of Ashenzari.
   715 | D:2      | Reached XP level 3. HP: 31/33 MP: 2/2
  1062 | D:2      | Found a faded altar of an unknown god.
  1559 | D:3      | Reached XP level 4. HP: 40/40 MP: 3/3
  1560 | D:3      | Found a runed translucent door.
  1563 | D:3      | Noticed sychorax's ghost (weakling OpEE)
  1575 | D:3      | Killed sychorax's ghost
  1694 | D:3      | Reached skill level 4 in Axes
  1772 | D:3      | Noticed Natasha
  1788 | D:3      | Killed Natasha
  1789 | D:3      | Reached skill level 1 in Dodging
  1789 | D:3      | Reached XP level 5. HP: 18/46 MP: 4/4
  1976 | D:3      | Noticed Natasha
  1979 | D:3      | Killed Natasha
  2012 | D:4      | Noticed Ijyb
  2018 | D:4      | Killed Ijyb
  2235 | D:4      | Found a staircase to the Ecumenical Temple.
  2244 | Temple   | Found a transporter.
  2244 | Temple   | Found a transporter.
  2244 | Temple   | Found a transporter.
  2244 | Temple   | Found a transporter.
  2244 | Temple   | Entered the Ecumenical Temple
  2425 | D:4      | Noticed a phantom
  2432 | D:4      | Killed a phantom
  2433 | D:4      | Reached skill level 5 in Armour
  2433 | D:4      | Reached XP level 6. HP: 39/53 MP: 5/5
  2497 | D:4      | Reached skill level 5 in Axes
  2607 | D:4      | Reached skill level 5 in Shields
  3106 | D:5      | Entered Level 5 of the Dungeon
  3260 | D:5      | Reached XP level 7. HP: 46/60 MP: 6/6
  3265 | D:5      | Found a shimmering blue altar of Sif Muna.
  3283 | D:5      | Found a sand-covered staircase.
  3291 | Ossuary  | Entered an ossuary
  3296 | Ossuary  | Reached skill level 6 in Axes
  3547 | D:5      | Noticed Prince Ribbit
  3558 | D:5      | Killed Prince Ribbit
  3559 | D:5      | Reached skill level 5 in Fighting
  3699 | D:5      | Reached skill level 7 in Axes
  3823 | D:5      | Reached XP level 8. HP: 69/69 MP: 7/7
  3846 | D:5      | Found an ornate altar of the Wu Jian Council.
  4205 | D:6      | Reached skill level 1 in Stealth
  4209 | D:6      | Found a shimmering altar of Xom.
  4388 | D:6      | Reached skill level 8 in Axes
  4447 | D:6      | Noticed a moth of wrath
  4449 | D:6      | Found a bloodstained altar of Trog.
  4781 | D:6      | Noticed a troll
  4781 | D:6      | Noticed porpoise's ghost (novice DsGl)
  4782 | D:6      | Found a runed translucent door.
  4801 | D:6      | Killed porpoise's ghost
  4802 | D:6      | Reached skill level 9 in Axes
  4802 | D:6      | Reached XP level 9. HP: 43/78 MP: 8/8
  4806 | D:6      | Killed a troll
  5430 | D:7      | Reached skill level 10 in Axes
  5442 | D:7      | Found a white marble altar of Elyvilon.
  5786 | D:7      | Reached skill level 1 in Polearms
  6438 | D:8      | Killed from afar by an orc priest

Illustrated notes

Levels and vault maps discovered:
D:1:      reono_arrival_mine, layout_loops_ring
D:2:      layout_loops_ring, shapermc_ecumenical_altar_ellora, basic_altar,
          st_stairs_6
D:3:      layout_rooms, hellmonk_ghost_happy_afterlife, due_unseen_surprise,
          uniq_natasha
D:4:      layout_loops_corners, minmay_temple_entry_mini_moons, serial_demonic,
          serial_demonic_f, serial_demonic_g, serial_demonic_g,
          serial_demonic_e, serial_demonic_g, serial_demonic_d, uniq_ijyb
D:5:      layout_rooms, mainiacjoe_overflow_large_starburst,
          nicolae_ossuary_entry_plus, uniq_prince_ribbit1
D:6:      layout_loops_corners, mainiacjoe_overflow_24_doors, tgw_trog,
          ebering_ghost_inner_flame
D:7:      layout_rooms, mainiacjoe_overflow_alcove_1, hex_intersection
D:8:      layout_rooms, mainiacjoe_overflow_alcove_3
Temple:   hellmonk_temple_divided_pantheon

Skill      XL: |  1  2  3  4  5  6  7  8  9 |
---------------+----------------------------+-----
Armour         | 4 5 6 7 8 |  8.6
Axes           | 3 4 5 7 9 10 | 10.3
Fighting       | 4 5 6 7 |  7.2
Shields        | 4 5 6 |  6.9
Dodging        | 1 2 3 4 |  4.0
Stealth        | 1 |  1.4
Polearms       | 2 |  2.8

Action                     |  1- 3 |  4- 6 |  7- 9 || total
---------------------------+-------+-------+-------++-------
  Melee: War axe           |    93 |    69 |   124 ||   286
         Headbutt          |    15 |    15 |    28 ||    58
         Glaive            |       |       |    26 ||    26
    Use: Scroll            |       |       |    10 ||    10
         Potion            |       |       |     1 ||     1
 Armour: Scale mail        |    68 |    35 |       ||   103
         Chain mail        |       |    72 |   219 ||   291
         Plate armour      |       |       |     7 ||     7
  Dodge: Dodged            |    37 |    33 |    91 ||   161
  Block: Buckler           |    26 |    31 |    38 ||    95

Table legend: (Time is in decaauts)
 A = Elapsed time spent in this place.
 B = Non-inter-level travel time spent in this place.
 C = Inter-level travel time spent in this place.
 D = Time resting spent in this place.
 E = Time spent auto-exploring this place.
 F = Levels seen in this place.
 G = Mean time per level.
                   A        B        C        D        E       F      G
               +--------+--------+--------+--------+--------+-----+--------+
         Total |   6650 |   6580 |     70 |     94 |   4396 |  10 |  665.0 |
       Dungeon |   6365 |   6295 |     70 |     94 |   4294 |   8 |  795.6 |
        Temple |     27 |     27 |      0 |      0 |      0 |   1 |   27.0 |
       Ossuary |    257 |    257 |      0 |      0 |    102 |   1 |  257.0 |
               +--------+--------+--------+--------+--------+-----+--------+

Top non-repeatable levels by time:
     D:6: 1270 daAuts
     D:4: 1052 daAuts
     D:7: 862 daAuts
     D:5: 824 daAuts
     D:2: 819 daAuts
     D:1: 687 daAuts
     D:3: 611 daAuts
 Ossuary: 257 daAuts
     D:8: 237 daAuts
  Temple: 27 daAuts
